DBL
KANSAS CITY ROYALS @ CHARLOTTE KNIGHTS
04/29/1997
 
TOP OF THE 1ST
Kansas City Royals batting - Pitching for Charlotte Knights : RHP Kevin Tapani
Pitching: RHP Kevin Tapani
Batting: SHB Roberto Alomar 0-0: Ball
1-0: Ball
2-0: Called Strike
2-1: Ball
3-1: Called Strike
3-2: Foul Ball, location: 2F
3-2: Ground out 5-3 (Groundball, 56, EV 88.1 MPH)
Batting: LHB Ray Lankford 0-0: Ground out 5-3 (Groundball, 56S, EV 70.0 MPH)
Batting: LHB Jim Thome 0-0: Ball
1-0: Called Strike
1-1: Ball
2-1: Ground out 1-3 (Groundball, 34S, EV 82.5 MPH)
Top of the 1st over - 0 runs, 0 hits, 0 errors, 0 left on base; Kansas City 0 - Charlotte 0
BOTTOM OF THE 1ST
Charlotte Knights batting - Pitching for Kansas City Royals : RHP Kevin Brown
Pitching: RHP Kevin Brown
Batting: SHB Orlando Merced 0-0: Called Strike
0-1: Ground out 1-3 (Groundball, 34S, EV 71.9 MPH)
Batting: LHB Jason Giambi 0-0: Foul Ball, location: 2F
0-1: Foul Ball, location: 2F
0-2: Ball
1-2: Ball
2-2: Foul Ball, location: 2F
2-2: Foul Ball, location: 2F
2-2: Ball
3-2: Strikes out swinging, 2-3 out at first.
Batting: SHB Carl Everett 0-0: Ball
1-0: Ball
2-0: Swinging Strike
2-1: Ball
3-1: Ground out U3 (Groundball, 34S, EV 70.6 MPH)
Bottom of the 1st over - 0 runs, 0 hits, 0 errors, 0 left on base; Kansas City 0 - Charlotte 0
TOP OF THE 2ND
Kansas City Royals batting - Pitching for Charlotte Knights : RHP Kevin Tapani
Batting: LHB Jeromy Burnitz 0-0: Swinging Strike
0-1: Swinging Strike
0-2: Ball
1-2: Strikes out swinging
Batting: LHB Rick Wilkins 0-0: Ball
1-0: Foul Ball, location: 2F
1-1: Ball
2-1: SINGLE (Flyball, 78S, EV 91.9 MPH)
Batting: RHB Barry Larkin 0-0: Called Strike
0-1: Ball
1-1: Fly out, F8 (Flyball, 8RM, EV 95.0 MPH)
Batting: RHB Richard Hidalgo 0-0: Ball
1-0: SINGLE (Groundball, 6MD, EV 98.1 MPH)
Rick Wilkins to second
Runner from 2nd tries for 3rd, SAFE, throw by CF made to third
Batting: RHB Andruw Jones 0-0: Ball
1-0: Called Strike
1-1: Swinging Strike
1-2: Fly out, F4 (Popup, 4D, EV 67.5 MPH)
Top of the 2nd over - 0 runs, 2 hits, 0 errors, 2 left on base; Kansas City 0 - Charlotte 0
BOTTOM OF THE 2ND
Charlotte Knights batting - Pitching for Kansas City Royals : RHP Kevin Brown
Batting: RHB Nomar Garciaparra 0-0: Ball
1-0: SINGLE (Groundball, 6M, EV 99.4 MPH)
Batting: RHB Shane Mack 0-0: Foul Ball, location: 2F
0-1: Ball
1-1: Ball
2-1: Fielders Choice at 2nd, 5-4 (Groundball, 56, EV 88.1 MPH)
Batting: RHB Chuck Knoblauch Pickoff Throw to First - Out! 1-3
0-0: Ball
1-0: Fly out, F7 (Flyball, 78S, EV 89.4 MPH)
Bottom of the 2nd over - 0 runs, 1 hit, 0 errors, 0 left on base; Kansas City 0 - Charlotte 0
TOP OF THE 3RD
Kansas City Royals batting - Pitching for Charlotte Knights : RHP Kevin Tapani
Batting: RHB Tim Naehring 0-0: DOUBLE (Groundball, 5L, EV 106.9 MPH)
Batting: SHB Roberto Alomar 0-0: Bunt missed!
0-1: Ball
1-1: Bunted foul
1-2: Strikes out swinging
Batting: LHB Ray Lankford 0-0: Ball
1-0: Ball
2-0: Foul Ball, location: 2F
2-1: Ball
3-1: Base on Balls
Batting: LHB Jim Thome 0-0: Ball
1-0: Foul Ball, location: 2F
1-1: Swinging Strike
1-2: Foul Ball, location: 2F
1-2: Foul Ball, location: 2F
1-2: Foul Ball, location: 2F
1-2: Ball
2-2: Ball
3-2: Strikes out looking
Batting: LHB Jeromy Burnitz 0-0: Foul Ball, location: 2F
0-1: DOUBLE (Line Drive, 78M, EV 108.1 MPH)
Tim Naehring scores
Ray Lankford to third
Runner from 3rd tries for Home, SAFE, no throw by CF
Batting: LHB Rick Wilkins 0-0: Called Strike
0-1: Ball
1-1: Ball
2-1: Called Strike
2-2: Strikes out swinging
Top of the 3rd over - 2 runs, 2 hits, 0 errors, 1 left on base; Kansas City 2 - Charlotte 0
BOTTOM OF THE 3RD
Charlotte Knights batting - Pitching for Kansas City Royals : RHP Kevin Brown
Batting: RHB Mark Carreon 0-0: Fly out, F8 (Flyball, 8LM, EV 92.5 MPH)
Batting: RHB Tony Batista 0-0: Fly out, F4 (Popup, 34S, EV 83.1 MPH)
Batting: RHB Todd Zeile 0-0: Ball
1-0: Foul Ball, location: 2F
1-1: Swinging Strike
1-2: Ball
2-2: Ball
3-2: Ground out 5-3 (Groundball, 56, EV 104.4 MPH)
Bottom of the 3rd over - 0 runs, 0 hits, 0 errors, 0 left on base; Kansas City 2 - Charlotte 0
TOP OF THE 4TH
Kansas City Royals batting - Pitching for Charlotte Knights : RHP Kevin Tapani
Batting: RHB Barry Larkin 0-0: Fly out, F9 (Line Drive, 9, EV 106.9 MPH)
Batting: RHB Richard Hidalgo 0-0: Called Strike
0-1: DOUBLE (Groundball, 5L, EV 103.1 MPH)
Batting: RHB Andruw Jones 0-0: Foul Ball, location: 2F
0-1: Ball
1-1: Swinging Strike
1-2: Ball
2-2: Strikes out swinging
Batting: RHB Tim Naehring 0-0: Ball
1-0: Ground out 6-3 (Groundball, 6S, EV 83.1 MPH)
Top of the 4th over - 0 runs, 1 hit, 0 errors, 1 left on base; Kansas City 2 - Charlotte 0
BOTTOM OF THE 4TH
Charlotte Knights batting - Pitching for Kansas City Royals : RHP Kevin Brown
Batting: SHB Orlando Merced 0-0: Fly out, F8 (Flyball, 8LM, EV 78.8 MPH)
Batting: LHB Jason Giambi 0-0: SINGLE (Groundball, 4MD, EV 95.0 MPH)
Batting: SHB Carl Everett 0-0: Called Strike
0-1: Ball
1-1: Called Strike
1-2: Ball
2-2: Ball
Wild Pitch!
Jason Giambi to second
3-2: Foul Ball, location: 2F
3-2: Foul Ball, location: 2F
3-2: Hit by Pitch
Batting: RHB Nomar Garciaparra 0-0: Ball
1-0: Called Strike
1-1: Fielders Choice at 2nd, 6-4 (Groundball, 6, EV 86.3 MPH)
Jason Giambi to third
Batting: RHB Shane Mack 0-0: Called Strike
Nomar Garciaparra steals 2nd base
0-1: Ball
1-1: SINGLE (Line Drive, 89S, EV 105.6 MPH)
Jason Giambi scores
Nomar Garciaparra to third
Runner from 3rd tries for Home, SAFE, throw by RF to home
Batting: RHB Chuck Knoblauch 0-0: SINGLE (Flyball, 89M, EV 90.0 MPH)
Shane Mack to second
Runner from 2nd tries for 3rd, SAFE, no throw by RF
Batting: RHB Mark Carreon 0-0: Called Strike
0-1: Ball
1-1: Foul Ball, location: 2F
1-2: Strikes out swinging
Bottom of the 4th over - 2 runs, 3 hits, 0 errors, 2 left on base; Kansas City 2 - Charlotte 2
TOP OF THE 5TH
Kansas City Royals batting - Pitching for Charlotte Knights : RHP Kevin Tapani
Batting: SHB Roberto Alomar 0-0: SINGLE (Flyball, 7S, EV 85.0 MPH)
Batting: LHB Ray Lankford 0-0: Ball
Roberto Alomar steals 2nd, throwing error, E2
Roberto Alomar to third
1-0: Ball
2-0: Ball
3-0: SINGLE (Groundball, 4, EV 95.0 MPH) (infield hit)
Roberto Alomar scores
Batting: LHB Jim Thome 0-0: Called Strike
0-1: Called Strike
0-2: Ball
1-2: Strikes out swinging
Batting: LHB Jeromy Burnitz 0-0: Called Strike
0-1: Fly out, F9 (Line Drive, 9, EV 93.1 MPH)
Batting: LHB Rick Wilkins 0-0: Fielders Choice at 2nd, 6-4 (Groundball, 56, EV 98.8 MPH)
Top of the 5th over - 1 run, 2 hits, 1 error, 1 left on base; Kansas City 3 - Charlotte 2
BOTTOM OF THE 5TH
Charlotte Knights batting - Pitching for Kansas City Royals : RHP Kevin Brown
Batting: RHB Tony Batista 0-0: Ball
1-0: Fly out, F7 (Flyball, 7, EV 94.4 MPH)
Batting: RHB Todd Zeile 0-0: Ground out 5-3 (Groundball, 56S, EV 84.4 MPH)
Batting: SHB Orlando Merced 0-0: Fly out, F8 (Line Drive, 8LD, EV 85.6 MPH)
Bottom of the 5th over - 0 runs, 0 hits, 0 errors, 0 left on base; Kansas City 3 - Charlotte 2
TOP OF THE 6TH
Kansas City Royals batting - Pitching for Charlotte Knights : RHP Kevin Tapani
Batting: RHB Barry Larkin 0-0: Ball
1-0: Ball
2-0: Called Strike
2-1: Swinging Strike
2-2: Foul Ball, location: 2F
2-2: Fly out, F7 (Flyball, 7S, EV 81.9 MPH)
Batting: RHB Richard Hidalgo 0-0: Ball
1-0: Called Strike
1-1: Ball
2-1: Ball
3-1: DOUBLE (Flyball, 89XD, EV 101.9 MPH)
Batting: RHB Andruw Jones 0-0: Called Strike
0-1: Called Strike
0-2: Strikes out swinging
Batting: RHB Tim Naehring 0-0: Called Strike
0-1: Swinging Strike
0-2: Ball
Wild Pitch!
Richard Hidalgo to third
1-2: Foul Ball, location: 2F
1-2: Strikes out looking
Top of the 6th over - 0 runs, 1 hit, 0 errors, 1 left on base; Kansas City 3 - Charlotte 2
BOTTOM OF THE 6TH
Charlotte Knights batting - Pitching for Kansas City Royals : RHP Kevin Brown
Batting: LHB Jason Giambi 0-0: Bunt missed!
0-1: Ball
1-1: Called Strike
1-2: Ball
2-2: Foul Ball, location: 2F
2-2: Foul Ball, location: 2F
2-2: Fly out, F8 (Flyball, 8LM, EV 94.4 MPH)
Batting: SHB Carl Everett 0-0: Ball
1-0: SINGLE (Line Drive, 4M, EV 95.0 MPH)
Batting: RHB Nomar Garciaparra 0-0: Foul Ball, location: 2F
0-1: Called Strike
0-2: Ball
1-2: Foul Ball, location: 2F
1-2: Foul Ball, location: 2F
1-2: Ground out 4-3 (Groundball, 4S, EV 71.3 MPH)
Carl Everett to second
Batting: RHB Shane Mack 0-0: Called Strike
0-1: Ball
1-1: Swinging Strike
1-2: Strikes out swinging
Bottom of the 6th over - 0 runs, 1 hit, 0 errors, 1 left on base; Kansas City 3 - Charlotte 2
TOP OF THE 7TH
Kansas City Royals batting - Pitching for Charlotte Knights : RHP Kevin Tapani
Batting: SHB Roberto Alomar 0-0: Ball
1-0: Foul Ball, location: 2F
1-1: Ball
2-1: Ball
3-1: Called Strike
3-2: Fly out, F7 (Line Drive, 7, EV 91.3 MPH)
Pitching: LHP Eric Hillman
Batting: LHB Ray Lankford 0-0: Ball
1-0: Swinging Strike
1-1: Ground out 4-3 (Groundball, 4, EV 106.3 MPH)
Batting: LHB Jim Thome 0-0: Ball
1-0: Ground out 6-3 (Groundball, 6, EV 76.9 MPH)
Top of the 7th over - 0 runs, 0 hits, 0 errors, 0 left on base; Kansas City 3 - Charlotte 2
BOTTOM OF THE 7TH
Charlotte Knights batting - Pitching for Kansas City Royals : RHP Kevin Brown
Batting: RHB Chuck Knoblauch 0-0: Ball
1-0: Called Strike
1-1: Swinging Strike
1-2: Foul Ball, location: 2F
1-2: Ball
2-2: Foul Ball, location: 2F
2-2: Foul Ball, location: 2F
2-2: SINGLE (Groundball, 56D, EV 111.3 MPH)
Batting: RHB Mark Carreon 0-0: Foul Ball, location: 2F
0-1: Foul Ball, location: 2F
0-2: Ball
1-2: Foul Ball, location: 2F
1-2: Grounds into double play, 5-4-3 (Groundball, 56S, EV 89.4 MPH)
Batting: RHB Tony Batista 0-0: Foul Ball, location: 2F
0-1: Foul Ball, location: 2F
0-2: Ball
1-2: Ground out 4-3 (Groundball, 4, EV 88.8 MPH)
Bottom of the 7th over - 0 runs, 1 hit, 0 errors, 0 left on base; Kansas City 3 - Charlotte 2
TOP OF THE 8TH
Kansas City Royals batting - Pitching for Charlotte Knights : LHP Eric Hillman
Batting: LHB Jeromy Burnitz 0-0: Ball
1-0: Ball
2-0: Foul Ball, location: 2F
2-1: Ball
3-1: Called Strike
3-2: Fly out, F7 (Flyball, 7S, EV 90.0 MPH)
Batting: LHB Rick Wilkins 0-0: Ball
1-0: Foul Ball, location: 2F
1-1: Foul Ball, location: 2F
1-2: Ball
2-2: Strikes out swinging
Pitching: RHP Todd Worrell
Batting: RHB Barry Larkin 0-0: Called Strike
0-1: Ball
1-1: Ground out 6-3 (Groundball, 56D, EV 101.3 MPH)
Top of the 8th over - 0 runs, 0 hits, 0 errors, 0 left on base; Kansas City 3 - Charlotte 2
BOTTOM OF THE 8TH
Charlotte Knights batting - Pitching for Kansas City Royals : RHP Kevin Brown
Batting: RHB Todd Zeile 0-0: Ball
1-0: Foul Ball, location: 2F
1-1: Ball
2-1: Called Strike
2-2: Strikes out swinging
Batting: SHB Orlando Merced 0-0: Called Strike
0-1: Ground out 6-3 (Groundball, 56S, EV 85.6 MPH)
Batting: LHB Jason Giambi 0-0: Foul Ball, location: 2F
0-1: Ball
1-1: Ball
2-1: Ball
3-1: Called Strike
3-2: Ground out 1-3 (Groundball, 13S, EV 70.6 MPH)
Bottom of the 8th over - 0 runs, 0 hits, 0 errors, 0 left on base; Kansas City 3 - Charlotte 2
TOP OF THE 9TH
Kansas City Royals batting - Pitching for Charlotte Knights : RHP Todd Worrell
Batting: RHB Richard Hidalgo 0-0: Ball
1-0: Foul Ball, location: 2F
1-1: Foul Ball, location: 2F
1-2: Strikes out swinging
Batting: RHB Andruw Jones 0-0: Ball
1-0: Swinging Strike
1-1: Ball
2-1: Ground out 5-3 (Groundball, 56, EV 86.3 MPH)
Batting: RHB Tim Naehring 0-0: Ball
1-0: Called Strike
1-1: Ball
2-1: Foul Ball, location: 2F
2-2: Ball
3-2: SINGLE (Groundball, 34D, EV 100.0 MPH)
Batting: SHB Roberto Alomar 0-0: Foul Ball, location: 2F
0-1: Ground out 4-3 (Groundball, 4, EV 101.9 MPH)
Top of the 9th over - 0 runs, 1 hit, 0 errors, 1 left on base; Kansas City 3 - Charlotte 2
BOTTOM OF THE 9TH
Charlotte Knights batting - Pitching for Kansas City Royals : RHP Kevin Brown
Batting: SHB Carl Everett 0-0: Ground out U3 (Groundball, 3, EV 95.0 MPH)
Batting: RHB Nomar Garciaparra 0-0: Ball
1-0: Foul Ball, location: 2F
1-1: Ball
2-1: Ground out 6-3 (Groundball, 6, EV 106.9 MPH)
Batting: RHB Shane Mack 0-0: Ball
1-0: Called Strike
1-1: Foul Ball, location: 2F
1-2: Strikes out looking
Bottom of the 9th over - 0 runs, 0 hits, 0 errors, 0 left on base; Kansas City 3 - Charlotte 2
Tuesday, February 3rd, 2026 - OOTP Baseball 20.8 Build 74